 Dungeon Crawl Stone Soup version 0.26-a0-846-gcc8f1ee719 (webtiles) character file.

Game seed: 13142161177823403128

4252 marklar909 the Grappler (level 10, -4/94 HPs)
             Began as a Troll Warper on Nov 20, 2020.
             Was a Follower of Uskayaw.
             Slain by a wyvern (5 damage)
             ... while petrified by a basilisk
             ... on level 8 of the Dungeon.
             The game lasted 00:16:36 (7387 turns).

marklar909 the Grappler (Troll Warper)              Turns: 7387, Time: 00:16:36

Health: -4/94      AC:  9    Str: 21    XL:     10   Next: 10%
Magic:  11/11      EV:  1    Int:  9    God:    Uskayaw [*.....]
Gold:   124        SH:  0    Dex: 12    Spells: 10/12 levels left

rFire    . . .     SeeInvis .     - Unarmed
rCold    . . .     Faith    +   (no shield)
rNeg     + + +     Spirit   .   a - +0 robe
rPois    ∞         Reflect  .   (helmet restricted)
rElec    .         Harm     .   g - +2 cloak
rCorr    .         Rampage  .   (gloves unavailable)
MR       .....                  (boots unavailable)
Stlth    ++........             k - amulet of faith
HPRegen  0.65/turn              (no ring)
MPRegen  0.12/turn              (no ring)

@: petrified
A: large, unfitting armour, claws 3, regeneration 1, shaggy fur 1, tough skin 3
a: Stomp, Renounce Religion


You were on level 8 of the Dungeon.
You worshipped Uskayaw.
Uskayaw was noncommittal.
You visited 1 branch of the dungeon, and saw 8 of its levels.
You also visited: Sewer and Ossuary.

You collected 449 gold pieces.
You spent 325 gold pieces at shops.

Inventory:

Missiles
 i - 183 stones
 l - 3 boomerangs
 u - 18 poisoned darts (quivered)
 I - 8 javelins
Armour
 a - a +0 robe (worn)
 g - a +2 cloak (worn)
Jewellery
 k - an amulet of faith (around neck)
 x - a cursed ring of attention {unknown}
Wands
 h - a wand of acid (4)
 m - a wand of flame (52)
 o - a wand of enslavement (1)
 y - a wand of iceblast (2)
 A - a wand of polymorph (10)
Scrolls
 c - 3 scrolls of blinking
 d - a scroll of magic mapping {unknown}
 e - a scroll of remove curse
 p - 9 scrolls of teleportation
 v - a scroll of fog {unknown}
 D - a scroll of immolation {unknown}
 F - a scroll of enchant armour {unknown}
 H - 2 scrolls of identify
Potions
 b - 3 potions of invisibility
 f - 2 potions of magic
 j - 2 potions of lignification
 n - 8 potions of heal wounds
 q - a potion of experience {unknown}
 r - 3 potions of cancellation {unknown}
 s - 3 potions of resistance {unknown}
 t - 2 potions of attraction {unknown}
 w - 4 potions of flight
 z - 4 potions of curing
 B - a potion of mutation {unknown}
 C - 2 potions of might
 E - 2 potions of brilliance
 G - a potion of berserk rage


   Skills:
 * Level 4.9 Fighting
 + Level 4.9 Throwing
 * Level 6.5 Dodging
 + Level 2.2 Stealth
 + Level 8.6 Unarmed Combat
 + Level 1.5 Spellcasting
 + Level 2.3 Translocations
 * Level 2.1 Invocations
 + Level 0.7 Evocations


You had 10 spell levels left.
You knew the following spells:

 Your Spells              Type           Power        Failure   Level
a - Blink                 Tloc           N/A          21%         2

Your spell library contained the following spells:

 Spells                   Type           Power        Failure   Level
 Sting                    Tmut/Pois      #...         34%         1
 Gell's Gravitas          Tloc           #.........   36%         3
 Lesser Beckoning         Tloc           #.........   36%         3
 Teleport Other           Tloc           #.......     36%         3
 Poisonous Vapours        Pois/Air       #.....       47%         2
 Ignite Poison            Fire/Tmut/Pois #.......     71%         3
 Mephitic Cloud           Conj/Pois/Air  #.......     71%         3
 Passage of Golubria      Tloc           N/A          78%         4
 Olgreb's Toxic Radiance  Pois           #.......     98%         4
 Bolt of Magma            Conj/Fire/Erth #.........   100%        5
 Iskenderun's Battlesphe  Conj           #.......     100%        5
 Iron Shot                Conj/Erth      #.........   100%        6
 Orb of Destruction       Conj           #.........   100%        7
 Spellforged Servitor     Conj/Summ      #.........   100%        7


Dungeon Overview and Level Annotations

Branches:
Dungeon (8/15)             Temple (0/1) D:7           Sewer (visited)
Ossuary (visited)
   Lair: D:8-11

Altars:
Ashenzari
Dithmenos
Elyvilon
Kikubaaqudgha
Okawaru
Trog
Uskayaw
Vehumet
Wu Jian

Shops:
D:7 }*!


Innate Abilities, Weirdness & Mutations

You are too large for most types of armour.
You have claws for hands.
Your natural rate of healing is unusually fast.
You are covered in fur. (AC +1)
You have extremely tough skin. (AC +3)


Message History

* * * LOW HITPOINT WARNING * * *
The wyvern bites you.
* * * LOW HITPOINT WARNING * * *
The water moccasin bites you.
* * * LOW HITPOINT WARNING * * *
The water moccasin bites you.
* * * LOW HITPOINT WARNING * * *
The basilisk gazes at you. The wyvern bites you.
* * * LOW HITPOINT WARNING * * *
The wyvern bites you.
* * * LOW HITPOINT WARNING * * *
The yak gores you!
* * * LOW HITPOINT WARNING * * *
The kobold hits you. The kobold hits you but does no damage.
The water moccasin bites you but does no damage.
The water moccasin bites you.
* * * LOW HITPOINT WARNING * * *
The wyvern bites you!
You die...

##...#........#.####.
.......#.......(.##.. .
#...........(#.....
..####...........##.....
.......##.(............#
PP...##....(......#....#
....P.Y...)†.)....#....#
..P♣..SYS.(.)........###
...KBYl@K.......†(......
.....OlKl.(.((.(..)#....
.....rYY...........#<.##
.♣...................(..
.......#...........#.###
P...P.###..$.......#...


.PPPP. #...).....###### .....# #.........# #.........# You could see 5 yaks, a
basilisk, 2 water moccasins, 2 wyverns, an ogre, a quokka, a giant cockroach and
3 kobolds.

Vanquished Creatures
  A two-headed ogre (D:7)
  Pikel (D:7)
  Grinder (D:5)
  A troll (D:7)
  2 humans (D:7)
  Edmund (D:4)
  A water moccasin (D:8)
  A sky beast (D:7)
  2 black bears
  A necrophage (D:6)
  2 ogres
  A phantom (D:6)
  A lemure (D:7)
  3 bullfrogs
  A gnoll sergeant (D:7)
  A water moccasin zombie (Ossuary)
  2 scorpions
  3 killer bees (D:6)
  A howler monkey (D:6)
  A bullfrog zombie (D:8)
  2 hounds
  A jelly (D:5)
  A centaur skeleton (D:8)
  2 orc wizards (D:2)
  Crazy Yiuf (D:2)
  2 iguanas
  4 worker ants
  A killer bee zombie (D:7)
  4 big kobold zombies (Ossuary)
  2 mummies (Ossuary)
  A worker ant zombie (D:7)
  Robin (D:3)
  15 gnolls
  11 adders
  A howler monkey skeleton (D:5)
  5 shadow imps
  2 white imps (D:7)
  An ufetubus (D:5)
  6 oozes
  An adder skeleton (D:5)
  6 worms
  A dart slug (D:1)
  10 leopard geckos
  13 orcs
  A ball python (D:2)
  11 giant cockroaches
  14 hobgoblins
  12 jackals
  17 kobolds
  3 quokkas
  12 bats
  19 frilled lizards
  19 goblins
  6 hobgoblin zombies (Ossuary)
  7 kobold zombies (Ossuary)
  12 orc zombies (Ossuary)
  10 rats
265 creatures vanquished.

Vanquished Creatures (collateral kills)
  A killer bee (D:6)
1 creature vanquished.

Vanquished Creatures (others)
  7 fungi
  14 plants
21 creatures vanquished.

Grand Total: 287 creatures vanquished

Notes
Turn   | Place    | Note
-------+----------+-------------------------------------------
     0 | D:1      | marklar909 the Troll Warper began the quest for the Orb.
     0 | D:1      | Reached XP level 1. HP: 19/19 MP: 1/1
   162 | D:1      | Reached XP level 2. HP: 28/28 MP: 3/3
   176 | D:1      | Reached skill level 1 in Throwing
   397 | D:1      | Reached XP level 3. HP: 27/35 MP: 4/4
   924 | D:2      | Reached XP level 4. HP: 42/42 MP: 5/5
  1006 | D:2      | Reached skill level 3 in Unarmed Combat
  1006 | D:2      | Reached XP level 5. HP: 37/49 MP: 6/6
  1105 | D:2      | Found a runed translucent door.
  1106 | D:2      | Noticed Crazy Yiuf
  1560 | D:2      | Killed Crazy Yiuf
  1647 | D:3      | Noticed Robin
  1660 | D:3      | Killed Robin
  1704 | D:3      | Found an ancient bone altar of Kikubaaqudgha.
  1934 | D:3      | Reached XP level 6. HP: 59/59 MP: 7/7
  1957 | D:3      | Reached skill level 4 in Unarmed Combat
  2628 | D:4      | Found a broken altar of Ashenzari.
  2910 | D:4      | Noticed Edmund
  3064 | D:3      | Learned a level 2 spell: Blink
  3249 | D:4      | Killed Edmund
  3250 | D:4      | Reached XP level 7. HP: 25/66 MP: 8/8
  3451 | D:5      | Entered Level 5 of the Dungeon
  3583 | D:5      | Reached skill level 5 in Unarmed Combat
  3643 | D:5      | Noticed Grinder
  3656 | D:5      | Paralysed by Grinder for 2 turns
  3801 | D:5      | Killed Grinder
  3880 | D:5      | Noticed a moth of wrath
  3883 | D:5      | Found a bloodstained altar of Trog.
  3889 | D:5      | Reached XP level 8. HP: 75/75 MP: 9/9
  4080 | D:5      | Found a glowing drain.
  4106 | Sewer    | Entered a sewer
  5120 | D:6      | Noticed a +0 dagger
  5121 | D:6      | Noticed a +0 hand axe
  5123 | D:6      | Found a hide-covered altar of Uskayaw.
  5161 | D:6      | Found a sand-covered staircase.
  5165 | Ossuary  | Entered an ossuary
  5181 | Ossuary  | Reached skill level 1 in Stealth
  5204 | Ossuary  | Reached skill level 6 in Unarmed Combat
  5471 | D:6      | Reached skill level 5 in Dodging
  5707 | D:6      | Found a shadowy altar of Dithmenos.
  5936 | D:6      | Found an ornate altar of the Wu Jian Council.
  5948 | D:6      | Became a worshipper of Uskayaw the Reveller
  5958 | D:7      | Found Ipies's Gadget Boutique.
  5982 | D:7      | Reached * piety under Uskayaw
  6015 | D:7      | Found a radiant altar of Vehumet.
  6071 | D:7      | Reached ** piety under Uskayaw
  6073 | D:7      | Reached *** piety under Uskayaw
  6077 | D:7      | Reached **** piety under Uskayaw
  6082 | D:7      | Reached ***** piety under Uskayaw
  6179 | D:7      | Found a staircase to the Ecumenical Temple.
  6269 | D:7      | Found Juclism's Distillery.
  6273 | D:7      | Bought a potion of degeneration for 13 gold pieces
  6273 | D:7      | Bought a potion of curing for 39 gold pieces
  6273 | D:7      | Bought a potion of heal wounds for 65 gold pieces
  6273 | D:7      | Bought a potion of might for 52 gold pieces
  6273 | D:7      | Bought a potion of brilliance for 52 gold pieces
  6273 | D:7      | Bought a potion of berserk rage for 65 gold pieces
  6273 | D:7      | Bought a potion of curing for 39 gold pieces
  6354 | D:7      | Reached skill level 7 in Unarmed Combat
  6401 | D:7      | Found Harol's Assorted Antiques.
  6493 | D:7      | Found an iron altar of Okawaru.
  6504 | D:7      | Reached XP level 9. HP: 54/84 MP: 10/10
  6604 | D:7      | Noticed Pikel
  6611 | D:7      | Killed Pikel
  6722 | D:7      | Found a white marble altar of Elyvilon.
  6736 | D:7      | Noticed a troll
  6747 | D:7      | Killed a troll
  6748 | D:7      | Reached skill level 8 in Unarmed Combat
  6983 | D:8      | Noticed a two-headed ogre
  7031 | D:7      | Killed a two-headed ogre
  7032 | D:7      | Reached skill level 1 in Invocations
  7153 | D:8      | Reached XP level 10. HP: 43/94 MP: 11/11
  7171 | D:8      | Noticed a two-headed ogre
  7387 | D:8      | HP: 2/94 [yak (3)]
  7387 | D:8      | Slain by a wyvern

Illustrated notes

Levels and vault maps discovered:
D:1:      minmay_arrival_solitary_statue, layout_loops_ring,
          minmay_close_crescents
D:2:      layout_basic, serial_forest, infiniplex_forest_clump_tiny,
          infiniplex_forest_lined_ring, infiniplex_forest_clump_small,
          infiniplex_forest_clump_double, minmay_lizard_king,
          uniq_crazy_yiuf_cottage
D:3:      layout_loops_corners, general_overflow_altar, uniq_robin
D:4:      layout_basic, ashenzari_altar_1, uniq_edmund
D:5:      layout_rooms, tgw_trog, gup_sewer_entry_pipe, uniq_grinder
D:6:      layout_basic, kennysheep_little_box, dancing_weapons_uskayaw,
          enter_ossuary_5, nicolae_dithmenos_the_darkroom
D:7:      layout_loops_ring, elyvilon_altar_3, lemuel_coloured_pillars_altar,
          minmay_temple_entry_glass, serial_shops,
          nicolae_shop_temple_entry_statues_fountains, shop, nicolae_shop_stone,
          okawaru_humans, uniq_pikel
D:8:      layout_rooms, minmay_lair_entry_grove, serial_shops,
          kennysheep_mini_moat, st_stairs_14,
          minmay_guarded_unrand_staff_of_olgreb

Skill      XL: |  1  2  3  4  5  6  7  8  9 10 |
---------------+-------------------------------+-----
Dodging        | 2 3 4 5 6 |  6.5
Throwing       | 1 2 3 4 |  4.9
Fighting       | 2 3 4 |  4.9
Unarmed Combat | 3 4 5 7 8 |  8.6
Stealth        | 1 2 |  2.2
Invocations    | 1 2 |  2.1
Spellcasting   | |  1.5
Translocations | |  2.3
Evocations     | |  0.7

Action                   |  1- 3 |  4- 6 |  7- 9 | 10-12 || total
-------------------------+-------+-------+-------+-------++-------
Melee: Unarmed           |   148 |   252 |   390 |    35 ||   825
       Punch             |       |     2 |    11 |       ||    13
Throw: Stone             |       |    23 |       |       ||    23
       Boomerang         |       |     5 |       |       ||     5
       Dart              |       |     5 |       |       ||     5
Invok: Line Pass         |       |       |     3 |       ||     3
       Stomp             |       |       |       |     2 ||     2
Evoke: Wand              |       |       |    10 |       ||    10
  Use: Scroll            |       |       |    10 |       ||    10
       Potion            |       |       |     1 |       ||     1
 Stab: Sleeping          |     1 |     2 |       |     1 ||     4
       Paralysed         |       |       |     6 |       ||     6
       Confused          |       |       |     3 |       ||     3
Armor: Robe              |    79 |   106 |   157 |    50 ||   392
Dodge: Dodged            |   104 |   125 |   241 |    38 ||   508

Table legend: (Time is in decaauts)
 A = Elapsed time spent in this place.
 B = Non-inter-level travel time spent in this place.
 C = Inter-level travel time spent in this place.
 D = Time resting spent in this place.
 E = Time spent auto-exploring this place.
 F = Levels seen in this place.
 G = Mean time per level.
                   A        B        C        D        E       F      G
               +--------+--------+--------+--------+--------+-----+--------+
         Total |   7565 |   7272 |    293 |    258 |   4758 |  10 |  756.5 |
       Dungeon |   6386 |   6093 |    293 |    258 |   4235 |   8 |  798.2 |
         Sewer |    959 |    959 |      0 |      0 |    405 |   1 |  959.0 |
       Ossuary |    219 |    219 |      0 |      0 |    117 |   1 |  219.0 |
               +--------+--------+--------+--------+--------+-----+--------+

Top non-repeatable levels by time:
     D:7: 1260 daAuts
     D:3: 1137 daAuts
   Sewer: 959 daAuts
     D:1: 811 daAuts
     D:2: 808 daAuts
     D:4: 791 daAuts
     D:6: 758 daAuts
     D:5: 664 daAuts
 Ossuary: 219 daAuts
     D:8: 154 daAuts
